[Event "Titled Tuesday Blitz May 23 Early 2023"]
[White "djokovic74"]
[Black "Golubev, Mikhail"]
[BlackFideId "14100983"]
[WhiteElo "2593"]
[BlackElo "2374"]
[Result "1-0"]
[Round "03"]
[TimeControl "180+2"]
[Date "2023.05.23"]
[WhiteClock "0:00:05"]
[BlackClock "0:00:00"]

1. e4 c5 2. Nf3 d6 3. d4 cxd4 4. Nxd4 Nf6 5. Nc3 g6 6. Be3 Bg7 7. f3 Nc6 8. Qd2 O-O 9. O-O-O d5 10. Qe1 e5 11. Nxc6 bxc6 12. exd5 Nxd5 13. Bc4 Be6 14. Ne4 Qc7 15. Bc5 Rfd8 16. Qh4 h6 17. g4 Nf4 18. Bxe6 Nxe6 19. Qe7 Qa5 20. Rxd8+ Rxd8 21. Qxa7 Qxa7 22. Bxa7 Ra8 23. Be3 Rxa2 24. Kb1 Ra8 25. c3 f5 26. gxf5 gxf5 27. Nd2 Kf7 28. Kc2 h5 29. b4 e4 30. fxe4 f4 31. Rf1 Ke7 32. Bg1 Ra3 33. Rf3 Ng5 34. Bc5+ Ke6 35. Rxf4 Rxc3+ 36. Kd1 Rh3 37. Bg1 Be5 38. Rf2 Bd4 39. Rg2 Bxg1 40. Rxg1 Nf3 41. Rg3 Rxg3 42. hxg3 Nd4 43. Nc4 Kf6 44. Kd2 Kg5 45. Ke3 Ne6 46. Ne5 c5 47. b5 Nd8 48. b6 Nb7 49. Kd3 h4 50. gxh4+ Kxh4 51. Kc4 Kg3 52. Nd7 Kf4 53. Nxc5 Na5+ 54. Kd5 Nc6 55. Kxc6 1-0


[Site "https://www.chess.com"]

[Event "Titled Tuesday Blitz May 23 Early 2023"]
[White "Petrova, Irina"]
[Black "Novik, Maxim"]
[WhiteFideId "14124122"]
[BlackFideId "4102924"]
[WhiteElo "2084"]
[BlackElo "2287"]
[Result "0-1"]
[Round "03"]
[TimeControl "180+2"]
[Date "2023.05.23"]
[WhiteClock "0:00:18"]
[BlackClock "0:01:10"]

1. e4 c6 2. d4 d5 3. Nc3 dxe4 4. Nxe4 Bf5 5. Ng3 Bg6 6. h4 h6 7. Nf3 e6 8. Ne5 Bh7 9. f4 Nf6 10. Be3 Nbd7 11. Bd3 Bxd3 12. Qxd3 c5 13. O-O-O cxd4 14. Bxd4 Nxe5 15. Bxe5 Qxd3 16. Rxd3 Nd5 17. Ne4 Rc8 18. a3 f6 19. Bd6 f5 20. Nc3 Bxd6 21. Nxd5 exd5 22. Re1+ Kf7 23. Rxd5 Rhd8 24. Rxf5+ Kg8 25. g3 Bc5 26. c3 Rc7 27. Kc2 Bf2 28. Re2 Bxg3 29. h5 Rf7 30. Rxf7 Kxf7 31. Rg2 Bh4 32. Rg6 Bf6 33. Rg2 Rd5 34. Rh2 Ke6 35. c4 Rd4 0-1


[Site "https://www.chess.com"]

[Event "Titled Tuesday Blitz May 23 Early 2023"]
[White "Mazarini41"]
[Black "Mortazavi, Ali"]
[BlackFideId "401323"]
[WhiteElo "2411"]
[BlackElo "2339"]
[Result "1-0"]
[Round "03"]
[TimeControl "180+2"]
[Date "2023.05.23"]
[WhiteClock "0:00:02"]
[BlackClock "0:00:36"]

1. d4 Nf6 2. Nf3 g6 3. c4 Bg7 4. g3 O-O 5. Bg2 d6 6. O-O Nbd7 7. Nc3 e5 8. e4 c6 9. h3 Qa5 10. Re1 exd4 11. Nxd4 Ne5 12. Qe2 Qc5 13. Nb3 Qxc4 14. Qc2 Qd3 15. Qxd3 Nxd3 16. Rd1 Nxc1 17. Raxc1 Ne8 18. Na5 Rb8 19. Nc4 Be6 20. Nxd6 Nxd6 21. Rxd6 Rbd8 22. Rcd1 Rxd6 23. Rxd6 Re8 24. a3 Bf8 25. Rd1 f5 26. exf5 Bxf5 27. g4 Bc2 28. Rc1 Bb3 29. Ne4 Bg7 30. Nc5 Bd5 31. Bxd5+ cxd5 32. Nxb7 Bxb2 33. Rd1 d4 34. Rd3 Re1+ 35. Kg2 Ra1 36. Rb3 Bxa3 37. Nd8 Bd6 38. Ne6 Kf7 39. Nxd4 a5 40. Rb7+ Kf6 41. Nb5 Bc5 42. f4 h5 43. Kf3 h4 44. g5+ Ke6 45. Rg7 Rb1 46. Rxg6+ Kf7 47. Rf6+ Kg7 48. Nc7 a4 49. Ne6+ Kg8 50. g6 Be7 51. Rf7 Rb3+ 52. Kg4 Rg3+ 53. Kf5 Bb4 54. g7 Kh7 55. Rb7 Ba3 56. Ng5+ Kh6 57. g8=Q Bf8 58. Qh7# 1-0


[Site "https://www.chess.com"]

[Event "Titled Tuesday Blitz May 23 Early 2023"]
[White "Erzhanov, Arman"]
[Black "Szyszylo, Rafal"]
[WhiteFideId "4138821"]
[BlackFideId "1109626"]
[WhiteElo "2138"]
[BlackElo "1951"]
[Result "1/2-1/2"]
[Round "03"]
[TimeControl "180+2"]
[Date "2023.05.23"]
[WhiteClock "0:00:58"]
[BlackClock "0:01:22"]

1. e4 d6 2. g3 g6 3. Bg2 Nf6 4. Ne2 Bg7 5. O-O e5 6. f4 O-O 7. h3 Nbd7 8. d3 exf4 9. gxf4 Nh5 10. Nbc3 f5 11. Be3 c6 12. Qe1 Ndf6 13. e5 dxe5 14. fxe5 Nd5 15. Nxd5 cxd5 16. Bc5 Rf7 17. d4 f4 18. Qc3 Be6 1/2-1/2


[Site "https://www.chess.com"]

[Event "Titled Tuesday Blitz May 23 Early 2023"]
[White "Kohler, Aran"]
[Black "Fiorito, Joaquin"]
[WhiteFideId "1002856"]
[BlackFideId "180173"]
[WhiteElo "2405"]
[BlackElo "2157"]
[Result "0-1"]
[Round "03"]
[TimeControl "180+2"]
[Date "2023.05.23"]
[WhiteClock "0:00:17"]
[BlackClock "0:01:15"]

1. d4 Nf6 2. Nf3 d5 3. Bg5 Ne4 4. Bf4 c5 5. e3 Nc6 6. c3 Qb6 7. Qb3 c4 8. Qxb6 axb6 9. Nbd2 Nxd2 10. Kxd2 b5 11. Be2 h6 12. a3 Bf5 13. Ne5 Na5 14. Bd1 e6 15. Rc1 f6 16. Nf3 Kd7 17. h3 Be7 18. Bh2 g5 19. Rg1 h5 20. Ne1 Bd6 21. Bxd6 Kxd6 22. f3 e5 23. dxe5+ fxe5 24. Ke2 g4 25. hxg4 hxg4 26. Kf2 Rag8 27. fxg4 Bxg4 28. Bxg4 Rxg4 29. Nf3 Rf8 30. Ke2 Nb3 31. Rcd1 Nc5 32. Ne1 Ne4 33. Rf1 Ng3+ 0-1


[Site "https://www.chess.com"]

[Event "Titled Tuesday Blitz May 23 Early 2023"]
[White "Jakubowska, Anna"]
[Black "Thecourseoisildur"]
[WhiteFideId "1121952"]
[WhiteElo "2001"]
[BlackElo "2585"]
[Result "1-0"]
[Round "03"]
[TimeControl "180+2"]
[Date "2023.05.23"]
[WhiteClock "0:00:41"]
[BlackClock "0:00:00"]

1. e4 e5 2. Nc3 Nf6 3. g3 d5 4. exd5 Nxd5 5. Bg2 Nxc3 6. bxc3 Bc5 7. Ne2 Nc6 8. O-O O-O 9. Rb1 Bb6 10. d3 Be6 11. c4 Qc8 12. Nc3 Bh3 13. Ba3 Bxg2 14. Kxg2 Rd8 15. Qh5 Nd4 16. Ne4 Nxc2 17. Be7 Rxd3 18. Nf6+ gxf6 19. Bxf6 Qe6 20. Qh6 Qg4 21. Bxe5 Qg6 22. Qf4 Rad8 23. Rb5 Rd2 24. Kh1 Qc6+ 25. Rd5 R8xd5 26. cxd5 Qxd5+ 27. Kg1 Qe6 28. Qg5+ Kf8 29. Bg7+ Ke8 30. Qxd2 Qc4 31. Rd1 1-0


[Site "https://www.chess.com"]

[Event "Titled Tuesday Blitz May 23 Early 2023"]
[White "brm72"]
[Black "Mogirzan, Matei-Valeriu"]
[BlackFideId "1257455"]
[WhiteElo "2584"]
[BlackElo "1733"]
[Result "1-0"]
[Round "03"]
[TimeControl "180+2"]
[Date "2023.05.23"]
[WhiteClock "0:00:08"]
[BlackClock "0:00:00"]

1. d4 Nf6 2. c4 e6 3. g3 Nc6 4. Nf3 d5 5. Bg2 Bb4+ 6. Bd2 O-O 7. O-O dxc4 8. Bxb4 Nxb4 9. Qa4 a5 10. a3 Bd7 11. Qd1 Nbd5 12. Ne5 b5 13. a4 c6 14. b3 cxb3 15. Qxb3 b4 16. Nd2 Qb6 17. e3 c5 18. Ne4 Nxe4 19. Nxd7 Qd6 20. Bxe4 Qxd7 21. dxc5 Rac8 22. Bxd5 Qxd5 23. Qxd5 exd5 24. Rac1 Rc6 25. Rfd1 Rd8 26. Kf1 f6 27. Ke2 Kf7 28. e4 Ke6 29. Ke3 f5 30. exf5+ Kxf5 31. Kd4 Re6 32. c6 Re4+ 33. Kc5 d4 34. c7 Rde8 35. Kb6 b3 36. Kb7 R4e7 37. Rxd4 b2 38. Rb1 Rf8 39. Rxb2 Kg5 40. Rd5+ Kg4 41. Rxa5 Rff7 42. Rc5 Kh3 43. Kb8 1-0


[Site "https://www.chess.com"]

[Event "Titled Tuesday Blitz May 23 Early 2023"]
[White "Miranda, Rafael"]
[Black "Novikova, Galina"]
[WhiteFideId "130990"]
[BlackFideId "4157095"]
[WhiteElo "2204"]
[BlackElo "1953"]
[Result "1-0"]
[Round "03"]
[TimeControl "180+2"]
[Date "2023.05.23"]
[WhiteClock "0:01:13"]
[BlackClock "0:00:00"]

1. e4 e6 2. d4 d5 3. Nd2 Nc6 4. Ngf3 g5 5. exd5 exd5 6. Bb5 Qe7+ 7. Ne5 f6 8. Qh5+ Kd8 9. O-O fxe5 10. Bxc6 bxc6 11. dxe5 Bg7 12. Nf3 h6 13. c4 Be6 14. Nd4 Kd7 15. f4 Rf8 16. f5 Bf7 17. e6+ Kc8 18. Qd1 Be8 19. cxd5 cxd5 20. Qd3 Qc5 21. Be3 Qc4 22. Qd2 Nf6 23. Rfc1 Qa6 24. Nb3 Bc6 25. Qc2 Kb7 26. Nc5+ 1-0


[Site "https://www.chess.com"]

[Event "Titled Tuesday Blitz May 23 Early 2023"]
[White "GMFYHR1"]
[Black "Ismagilov, Damir"]
[BlackFideId "34199982"]
[WhiteElo "2399"]
[BlackElo "2143"]
[Result "0-1"]
[Round "03"]
[TimeControl "180+2"]
[Date "2023.05.23"]
[WhiteClock "0:00:07"]
[BlackClock "0:00:07"]

1. e4 g6 2. d4 Bg7 3. Nc3 d6 4. f4 Nd7 5. Bd3 e5 6. dxe5 dxe5 7. Nf3 Ne7 8. O-O O-O 9. Qe2 Nc6 10. Nd5 Nd4 11. Nxd4 exd4 12. f5 c6 13. Nf4 Ne5 14. b4 a5 15. Bd2 a4 16. a3 b5 17. Nh3 Bd7 18. Bg5 f6 19. Bf4 Qe7 20. Qf2 g5 21. Bg3 h5 22. Qxd4 Ng4 23. Bd6 Qf7 24. Bxf8 Bxf8 25. c4 Rd8 26. cxb5 cxb5 27. Bxb5 Qe8 28. Bxd7 Rxd7 29. Qc4+ Kg7 30. Qb5 Bd6 31. g3 h4 32. Rad1 hxg3 33. Rxd6 gxh2+ 34. Kg2 Qxe4+ 35. Rf3 h1=Q+ 36. Kxh1 Qxf3+ 37. Kg1 Rxd6 38. Qxa4 Rd1+ 39. Qxd1 Qxd1+ 40. Kg2 Qc2+ 41. Kg3 Ne5 42. Nf2 Qb3+ 43. Kg2 Qxa3 44. b5 Qb4 45. b6 Qxb6 46. Ne4 Qd4 0-1


[Site "https://www.chess.com"]

[Event "Titled Tuesday Blitz May 23 Early 2023"]
[White "Vargas, Gabriela"]
[Black "Nikologorskiy, Konstantin"]
[WhiteFideId "3700860"]
[BlackFideId "24111708"]
[WhiteElo "2057"]
[BlackElo "2273"]
[Result "1/2-1/2"]
[Round "03"]
[TimeControl "180+2"]
[Date "2023.05.23"]
[WhiteClock "0:00:45"]
[BlackClock "0:00:05"]

1. d4 Nf6 2. Nf3 e6 3. Bg5 d5 4. Nbd2 Be7 5. e3 O-O 6. Bd3 c5 7. c3 b6 8. O-O Ba6 9. Bxa6 Nxa6 10. Ne5 Nc7 11. f4 b5 12. Nc6 Qd6 13. Nxe7+ Qxe7 14. Nf3 Qd6 15. dxc5 Qxc5 16. Qd4 Qxd4 17. cxd4 Ne4 18. Rac1 Rfc8 19. Rc6 Ne8 20. Rfc1 N8d6 21. b3 f6 22. Bh4 Rxc6 23. Rxc6 Rc8 24. Rxc8+ Nxc8 25. Be1 Ncd6 26. Bb4 Nf5 27. Bc5 Nxe3 28. Ne1 a6 29. Nd3 Nc3 30. Nb4 a5 31. Nc6 Nxa2 32. Nxa5 Nc1 33. b4 Nc2 34. Nb7 Nd3 35. Nd6 Nxf4 36. Nxb5 Nd3 37. Nc7 Ndxb4 38. Bxb4 Nxb4 39. Nxe6 Kf7 40. Nf4 g5 41. Ne2 Nc2 42. Kf2 Ke6 43. Kf3 Ne1+ 44. Kf2 Nc2 45. g4 h5 46. gxh5 Kf7 47. Kf3 f5 48. h4 Kf6 49. h6 gxh4 50. Kf4 Kg6 51. Ke5 Ne3 52. Nf4+ Kxh6 53. Kf6 Kh7 54. Kg5 Nc2 55. Ne2 h3 56. Kxf5 h2 57. Ng3 Nxd4+ 58. Ke5 Ne2 59. Nh1 d4 60. Ke4 Kg6 61. Kd3 Kf5 62. Kxe2 Ke4 63. Ng3+ Kf4 64. Nh1 Ke4 65. Ng3+ Kf4 66. Nh1 Kg4 67. Kd3 Kh3 68. Kxd4 Kg2 69. Ke3 Kxh1 70. Kf2 1/2-1/2


[Site "https://www.chess.com"]

[Event "Titled Tuesday Blitz May 23 Early 2023"]
[White "egorchess95"]
[Black "Van Foreest, Machteld"]
[BlackFideId "1051563"]
[WhiteElo "2574"]
[BlackElo "2018"]
[Result "0-1"]
[Round "03"]
[TimeControl "180+2"]
[Date "2023.05.23"]
[WhiteClock "0:01:28"]
[BlackClock "0:01:04"]

1. e4 c5 2. Nf3 e6 3. b3 d5 4. exd5 exd5 5. Bb5+ Bd7 6. Bxd7+ Qxd7 7. O-O Nf6 8. Re1+ Be7 9. Qe2 Nc6 10. Ne5 Qe6 11. Nxc6 Qxe2 12. Rxe2 bxc6 13. Ba3 Kd7 14. d4 Rhe8 15. dxc5 Bxc5 16. Kf1 Rxe2 17. Kxe2 Re8+ 18. Kf1 Bd4 19. c3 Be5 20. Bb2 Ne4 21. f3 Nc5 22. g3 Nd3 23. Ba3 Bf6 24. Nd2 Bxc3 25. Rd1 Re3 26. Nb1 Rxf3+ 27. Ke2 Ne5 28. Nxc3 Rxc3 29. Rd2 Nf3 30. Rd1 Ng5 31. Rd2 Ne4 32. Rb2 d4 33. Bb4 Re3+ 34. Kd1 Nc3+ 35. Kc1 Re1+ 36. Kd2 Re2+ 37. Kc1 Nxa2+ 0-1


[Site "https://www.chess.com"]

[Event "Titled Tuesday Blitz May 23 Early 2023"]
[White "Bayo Milagro, Alvaro"]
[Black "Melikhov, Evgeny V."]
[WhiteFideId "22275240"]
[BlackFideId "4122046"]
[WhiteElo "2270"]
[BlackElo "2158"]
[Result "1/2-1/2"]
[Round "03"]
[TimeControl "180+2"]
[Date "2023.05.23"]
[WhiteClock "0:00:04"]
[BlackClock "0:00:02"]

1. e4 e5 2. Nf3 Nc6 3. Bb5 a6 4. Ba4 Nf6 5. O-O Nxe4 6. d4 b5 7. Bb3 d5 8. dxe5 Be6 9. Qe2 Be7 10. Rd1 O-O 11. c4 bxc4 12. Bxc4 Bc5 13. Be3 Bxe3 14. Qxe3 Qb8 15. Bb3 Na5 16. Nbd2 Qa7 17. Qxa7 Rxa7 18. Rac1 c5 19. Nxe4 Nxb3 20. axb3 dxe4 21. Nd2 Rd7 22. Nxe4 Rxd1+ 23. Rxd1 Bxb3 24. Ra1 c4 25. Rxa6 h6 26. f4 Rb8 27. Nd6 Bc2 28. Nxc4 Rb4 29. Nd6 Rxf4 30. Rc6 Bd3 31. g3 Rb4 32. Rc8+ Kh7 33. Nxf7 Rxb2 34. e6 Re2 35. Rc6 Bf5 36. Nd8 Bh3 37. Rc7 Rg2+ 38. Kh1 Rf2 39. Rc1 Re2 40. Nc6 Bxe6 41. Nd4 Bd5+ 42. Kg1 Rg2+ 43. Kf1 Rxh2 44. Re1 Rh1+ 45. Kf2 Rxe1 46. Kxe1 Kg6 47. Kf2 Kg5 48. Ne2 Be6 49. Nf4 Kf5 50. Ne2 g5 51. Nd4+ Ke5 52. Nf3+ Kf6 53. Nd2 Bd5 54. Nf1 Ke5 55. Ne3 Bc6 56. Ng4+ Ke4 57. Nxh6 Ke5 58. Ng4+ Kf5 59. Ne3+ Kg6 60. Nc4 Bb7 61. g4 Kf6 62. Kg3 Bc8 63. Ne3 Bxg4 64. Nxg4+ Ke6 65. Nf2 g4 66. Kxg4 1/2-1/2


[Site "https://www.chess.com"]

[Event "Titled Tuesday Blitz May 23 Early 2023"]
[White "Kotepalli, Sai Nirupama"]
[Black "Demin, Vladimir"]
[WhiteFideId "5039444"]
[BlackFideId "4167457"]
[WhiteElo "2378"]
[BlackElo "2565"]
[Result "1-0"]
[Round "03"]
[TimeControl "180+2"]
[Date "2023.05.23"]
[WhiteClock "0:00:05"]
[BlackClock "0:00:40"]

1. e4 e5 2. Nf3 Nc6 3. d3 Nf6 4. g3 Bc5 5. Bg2 d6 6. O-O O-O 7. c3 a5 8. a4 h6 9. Na3 Ng4 10. h3 Nxf2 11. Rxf2 Bxf2+ 12. Kxf2 f5 13. Qb3+ Kh7 14. Ke2 fxe4 15. dxe4 Qf6 16. g4 Qg6 17. Qc2 d5 18. exd5 e4 19. Nh4 Qf6 20. Bxe4+ Kg8 21. Bh7+ Kh8 22. Ng6+ Kxh7 23. Nxf8+ Kg8 24. dxc6 Qxf8 25. Be3 bxc6 26. Rf1 Ba6+ 27. c4 Qb4 28. Qc3 Qxa4 29. Bd4 Re8+ 30. Kd2 c5 31. Bxc5 Qc6 32. Bd4 Qg2+ 33. Rf2 Qh1 34. Nc2 c5 35. Bxc5 Bb7 36. Bd4 Be4 37. Bxg7 Bxc2 38. Kxc2 Qe4+ 39. Kc1 Qh1+ 40. Kc2 Qe4+ 41. Kb3 Qb7+ 42. Ka2 Qxg7 43. Qxg7+ Kxg7 44. Rf5 a4 45. Ka3 Ra8 46. Rb5 Kg6 47. h4 Ra6 48. c5 Kg7 49. Rb6 Ra5 50. c6 Rc5 51. Rb7+ Kg6 52. c7 Rc4 53. b3 axb3 54. Kxb3 Rc1 55. Kb4 h5 56. gxh5+ Kxh5 57. Kb5 Kxh4 58. Kb6 Rb1+ 59. Ka7 Rc1 60. Kb8 1-0


[Site "https://www.chess.com"]

[Event "Titled Tuesday Blitz May 23 Early 2023"]
[White "Pg, Mohd Omar Ak Hira"]
[Black "Spata, German"]
[WhiteFideId "10500103"]
[BlackFideId "113026"]
[WhiteElo "2167"]
[BlackElo "2260"]
[Result "0-1"]
[Round "03"]
[TimeControl "180+2"]
[Date "2023.05.23"]
[WhiteClock "0:00:15"]
[BlackClock "0:00:46"]

1. e4 e6 2. d4 d5 3. Nc3 dxe4 4. Nxe4 Bd7 5. Nf3 Bc6 6. Ng3 Nd7 7. Bd3 Ngf6 8. O-O Be7 9. c4 Bxf3 10. Qxf3 c6 11. Bd2 O-O 12. Bc3 Re8 13. Rad1 Qb6 14. Bb1 Bb4 15. Ne4 Nxe4 16. Qxe4 Nf6 17. Qf3 Bxc3 18. Qxc3 Rad8 19. h3 Rd7 20. a4 Red8 21. a5 Qc7 22. Bc2 h6 23. b4 b6 24. axb6 axb6 25. f4 b5 26. f5 bxc4 27. fxe6 fxe6 28. Qxc4 Nd5 29. Qd3 Nf6 30. Qg6 Rf7 31. Rd3 Nh7 32. Rg3 Rxf1+ 33. Kxf1 Ng5 34. Rxg5 hxg5 35. Qh7+ Kf7 36. Qg6+ Kf8 37. Kg1 Qf7 38. Qxg5 Qf6 39. Qc5+ Kg8 40. Bb3 Qxd4+ 41. Qxd4 Rxd4 42. Bxe6+ Kf8 0-1


[Site "https://www.chess.com"]

[Event "Titled Tuesday Blitz May 23 Early 2023"]
[White "Danielyan, Vahe"]
[Black "Gutkin, Ilya"]
[WhiteFideId "13304828"]
[BlackFideId "16203470"]
[WhiteElo "2423"]
[BlackElo "2265"]
[Result "1-0"]
[Round "03"]
[TimeControl "180+2"]
[Date "2023.05.23"]
[WhiteClock "0:00:42"]
[BlackClock "0:00:04"]

1. e4 e6 2. d4 d5 3. Nc3 Nf6 4. e5 Nfd7 5. Nce2 c5 6. c3 Nc6 7. f4 f6 8. Nf3 cxd4 9. Nexd4 Nxd4 10. cxd4 Bb4+ 11. Bd2 Qb6 12. Bd3 fxe5 13. fxe5 O-O 14. O-O Bxd2 15. Qxd2 Nxe5 16. Bxh7+ Kxh7 17. Nxe5 Rf5 18. Kh1 Qd6 19. g4 Rxe5 20. dxe5 Qxe5 21. Rae1 Qd6 22. Qd3+ Kg8 23. Qg6 Qe7 24. Re5 Bd7 25. Rh5 1-0


[Site "https://www.chess.com"]

[Event "Titled Tuesday Blitz May 23 Early 2023"]
[White "Melian, Juan Sebastian"]
[Black "Dishman, Stephen"]
[WhiteFideId "3706575"]
[BlackFideId "403024"]
[WhiteElo "2092"]
[BlackElo "2204"]
[Result "1-0"]
[Round "03"]
[TimeControl "180+2"]
[Date "2023.05.23"]
[WhiteClock "0:00:04"]
[BlackClock "0:00:00"]

1. d4 d5 2. c4 c6 3. cxd5 cxd5 4. Bg5 f6 5. Bh4 Nh6 6. Nc3 Nf5 7. Bg3 e5 8. e4 Nxd4 9. Nge2 dxe4 10. Nxe4 Bb4+ 11. N2c3 Bf5 12. Bd3 Nbc6 13. O-O O-O 14. a3 Ba5 15. Kh1 Bb6 16. b4 Be6 17. Rb1 Ne7 18. f4 Nef5 19. Bf2 exf4 20. Re1 Qd7 21. Nc5 Bxc5 22. bxc5 Rad8 23. Be4 b6 24. cxb6 axb6 25. Rxb6 g5 26. Bb1 Ng7 27. Qc1 Bf5 28. Bxf5 Ndxf5 29. Qb2 Ne3 30. Rb7 Qe6 31. Bxe3 fxe3 32. a4 Rde8 33. a5 f5 34. Rb6 Qe5 35. a6 f4 36. a7 f3 37. gxf3 Rxf3 38. Qg2 1-0


[Site "https://www.chess.com"]

[Event "Titled Tuesday Blitz May 23 Early 2023"]
[White "Toncheva, Nadya"]
[Black "FREDERICKtheMATE"]
[WhiteFideId "2924056"]
[WhiteElo "2101"]
[BlackElo "2352"]
[Result "0-1"]
[Round "03"]
[TimeControl "180+2"]
[Date "2023.05.23"]
[WhiteClock "0:00:00"]
[BlackClock "0:00:03"]

1. e4 c5 2. c3 d5 3. exd5 Qxd5 4. Nf3 g6 5. d4 Bg7 6. Be3 cxd4 7. Bxd4 Nf6 8. Nbd2 O-O 9. Bc4 Qd8 10. O-O Nbd7 11. Nb3 Qc7 12. Qe2 Re8 13. Rad1 a6 14. a4 e5 15. Be3 h6 16. Nfd2 b6 17. a5 b5 18. Bd3 Bb7 19. Rfe1 Rac8 20. f3 Nd5 21. Ne4 f5 22. Nf2 N7f6 23. Bc1 h5 24. Bc2 Bf8 25. Kh1 Qc4 26. Nh3 Kg7 27. Qd2 f4 28. Ng5 Ne3 29. Qf2 Nxd1 30. Rxd1 Rcd8 31. Re1 Rd7 32. Qb6 Qc6 33. Qf2 Kh6 34. h4 Qc7 35. Bb1 Bd5 36. Nd2 Bc5 37. Qf1 Be3 38. Nde4 Nxe4 39. Nxe4 Bc4 40. Bxe3 Bxf1 41. Bb6 Qc4 42. b3 Qxb3 43. Rxf1 Rd1 44. Kh2 Rxf1 45. Bd3 Rd1 46. Be2 Qc2 47. Ng5 Qxe2 48. Nf7+ Kg7 49. Ng5 Rd2 0-1


[Site "https://www.chess.com"]

[Event "Titled Tuesday Blitz May 23 Early 2023"]
[White "Baghdasaryan, Vahe"]
[Black "zsizsi99"]
[WhiteFideId "13303139"]
[WhiteElo "2216"]
[BlackElo "2351"]
[Result "1-0"]
[Round "03"]
[TimeControl "180+2"]
[Date "2023.05.23"]
[WhiteClock "0:00:18"]
[BlackClock "0:00:00"]

1. d4 Nf6 2. Nf3 d5 3. c4 dxc4 4. e3 e6 5. Bxc4 a6 6. O-O c5 7. b3 Nbd7 8. Bb2 b5 9. Be2 Bb7 10. Nbd2 Be7 11. Rc1 Rc8 12. a4 Qb6 13. Ba1 O-O 14. Re1 Rfd8 15. Bd3 Nf8 16. Qe2 bxa4 17. bxa4 Qa5 18. Nc4 Qc7 19. a5 N8d7 20. Red1 Qb8 21. Rb1 Qa8 22. Nb6 Nxb6 23. Rxb6 Rd6 24. dxc5 Rxd3 25. Qxd3 Bxc5 26. Ng5 h6 27. Bxf6 hxg5 28. Bxg5 Bxb6 29. axb6 Bxg2 30. Qd7 Bc6 31. Qd4 f6 32. Bxf6 gxf6 33. Qxf6 Re8 34. Rd4 Be4 35. f3 Bxf3 36. Rh4 Bh5 37. Rxh5 1-0


[Site "https://www.chess.com"]

[Event "Titled Tuesday Blitz May 23 Early 2023"]
[White "Ovezdurdyyeva, Jemal"]
[Black "Vestby-Ellingsen, Mads"]
[WhiteFideId "14001888"]
[BlackFideId "1520857"]
[WhiteElo "2043"]
[BlackElo "2244"]
[Result "0-1"]
[Round "03"]
[TimeControl "180+2"]
[Date "2023.05.23"]
[WhiteClock "0:01:02"]
[BlackClock "0:00:46"]

1. e4 e5 2. Nf3 Nc6 3. Bc4 Bc5 4. O-O Nf6 5. d3 d6 6. h3 h6 7. c3 Bb6 8. b4 g5 9. b5 Na5 10. Nbd2 g4 11. Nh2 gxh3 12. g3 h5 13. Ndf3 Nxc4 14. dxc4 Ng4 15. Bg5 f6 16. Bh4 Be6 17. Qd3 Qe7 18. a4 Qf7 19. Nd2 f5 20. exf5 Bxf5 21. Qf3 O-O 22. Nxg4 hxg4 23. Qe2 Qg6 24. c5 Bd3 25. Qe3 Bxc5 26. Qg5 Qxg5 27. Bxg5 Bxf1 28. Rxf1 Rxf2 29. Rxf2 Rf8 30. Ne4 Bxf2+ 31. Nxf2 h2+ 32. Kg2 Rxf2+ 0-1


[Site "https://www.chess.com"]

[Event "Titled Tuesday Blitz May 23 Early 2023"]
[White "Smith, Shreyas"]
[Black "Saya, Ethan"]
[WhiteFideId "7400713"]
[BlackFideId "26095181"]
[WhiteElo "2151"]
[BlackElo "2164"]
[Result "1-0"]
[Round "03"]
[TimeControl "180+2"]
[Date "2023.05.23"]
[WhiteClock "0:00:25"]
[BlackClock "0:01:12"]

1. e4 d5 2. exd5 Qxd5 3. Nc3 Qa5 4. d4 Nf6 5. Nf3 c6 6. Bc4 Bf5 7. Bd2 e6 8. Nd5 Qd8 9. Nxf6+ Qxf6 10. Bg5 Qg6 11. O-O h6 12. Bh4 Bxc2 13. Qe2 Be4 14. Rfe1 Bxf3 15. Qxf3 Bb4 16. Bd3 f5 17. Bxf5 Qf7 18. Rxe6+ Kf8 19. Bg6 Qxf3 20. Re8# 1-0


[Site "https://www.chess.com"]

[Event "Titled Tuesday Blitz May 23 Early 2023"]
[White "Bruedigam, Martin"]
[Black "Brueckner, Thomas"]
[WhiteFideId "24608033"]
[BlackFideId "4600452"]
[WhiteElo "2331"]
[BlackElo "2322"]
[Result "1-0"]
[Round "03"]
[TimeControl "180+2"]
[Date "2023.05.23"]
[WhiteClock "0:00:18"]
[BlackClock "0:00:00"]

1. d4 Nf6 2. c4 e6 3. Nc3 Bb4 4. Bd2 O-O 5. Nf3 d5 6. e3 b6 7. Bd3 Bb7 8. O-O dxc4 9. Bxc4 c5 10. dxc5 Bxc5 11. Qe2 Nc6 12. a3 Be7 13. Rfd1 Qc7 14. Rac1 Rac8 15. Ba6 Qb8 16. h3 Rfd8 17. Be1 Na5 18. Rxd8+ Rxd8 19. b4 Nc6 20. Bxb7 Qxb7 21. b5 Na5 22. a4 Rc8 23. Na2 Nb3 24. Rxc8+ Qxc8 25. Qd1 Nc5 26. Bb4 h6 27. Ne5 Nd5 28. Nc6 Bf8 29. Nc3 Nxc3 30. Bxc3 a6 31. Bd4 axb5 32. axb5 Qa8 33. Bxc5 Bxc5 34. Qd3 Qa1+ 35. Kh2 Qe1 36. Kg3 Qc1 37. Kf3 Qb2 38. g3 Qf6+ 39. Kg2 Qb2 40. h4 h5 41. Kf3 Qf6+ 42. Ke2 Qb2+ 43. Kf1 Qc1+ 44. Kg2 Qb2 45. Nb8 g6 46. Nd7 Qc1 47. Nf6+ Kg7 48. Ne4 Qb2 49. Nxc5 bxc5 50. Qc4 Qe5 51. e4 1-0


[Site "https://www.chess.com"]

[Event "Titled Tuesday Blitz May 23 Early 2023"]
[White "Valle Maytin, Luis Enrique"]
[Black "Shevtchenko, Olesya"]
[WhiteFideId "3503666"]
[BlackFideId "24131890"]
[WhiteElo "2225"]
[BlackElo "2003"]
[Result "0-1"]
[Round "03"]
[TimeControl "180+2"]
[Date "2023.05.23"]
[WhiteClock "0:00:00"]
[BlackClock "0:00:35"]

1. d4 Nf6 2. Nf3 e6 3. e3 c5 4. Bd3 b6 5. O-O Bb7 6. Nbd2 Be7 7. b3 O-O 8. Bb2 d6 9. c4 Nbd7 10. Qe2 Rc8 11. Rac1 Rc7 12. Bb1 Qa8 13. Qd3 Rd8 14. Rfd1 Nf8 15. dxc5 bxc5 16. e4 e5 17. Ne1 Ne6 18. f3 Nh5 19. Nf1 Nhf4 20. Qc2 Nd4 21. Bxd4 cxd4 22. Nd3 Bg5 23. Nxf4 Bxf4 24. Nd2 Be3+ 25. Kh1 g6 26. Re1 d5 27. exd5 Bxd5 28. Rcd1 Be6 29. Qe4 Qxe4 30. Nxe4 Rcc8 31. Bd3 f5 32. Nf6+ Kg7 33. Nd5 Bxd5 34. cxd5 Rxd5 35. Bc4 Rdc5 36. g3 Kf6 37. f4 e4 38. Kg2 g5 39. fxg5+ Kxg5 40. Re2 Kf6 41. Rf1 Ke5 42. h3 Rxc4 43. bxc4 Rxc4 44. h4 Rc3 45. Rb1 Rc5 46. Rb7 f4 47. Re7+ Kf5 48. Rf7+ Ke6 0-1


[Site "https://www.chess.com"]

[Event "Titled Tuesday Blitz May 23 Early 2023"]
[White "surrenderPLS"]
[Black "Kovacsy, Barnabas"]
[BlackFideId "769290"]
[WhiteElo "2545"]
[BlackElo "2130"]
[Result "1-0"]
[Round "03"]
[TimeControl "180+2"]
[Date "2023.05.23"]
[WhiteClock "0:00:26"]
[BlackClock "0:00:00"]

1. e4 c5 2. Nf3 e6 3. d4 cxd4 4. Nxd4 Nc6 5. Nc3 Qc7 6. Be3 a6 7. g4 b5 8. Nxc6 dxc6 9. Qf3 Bb4 10. a3 Bxc3+ 11. bxc3 Ne7 12. Bc5 O-O 13. h4 Re8 14. h5 f5 15. Rg1 f4 16. a4 Bb7 17. Bd3 e5 18. Kf1 Nc8 19. g5 Nd6 20. Rd1 Rad8 21. g6 h6 22. Kg2 Bc8 23. Kh2 Nb7 24. Ba3 Qb6 25. axb5 axb5 26. Rb1 Nc5 27. c4 Nxd3 28. cxd3 Qa5 29. Bb4 Qa2 30. cxb5 cxb5 31. Rgd1 Be6 32. Bc3 Bb3 33. Rdc1 Bc2 34. Rb2 Rxd3 35. Qxd3 Qxb2 36. Qd5+ Kh8 37. Bxb2 1-0


[Site "https://www.chess.com"]